 Dungeon Crawl Stone Soup version 0.13-a0-1577-g2bae144 (webtiles) character file.

156 Ogdradenian the Magician (level 4, 0/25 HPs)
             Began as an Octopode Wizard on June 11, 2013.
             Slain by a gnoll
             ... wielding a +0,+0 spear
              (8 damage)
             ... on Level 3 of the Dungeon.
             The game lasted 00:38:25 (2301 turns).

Ogdradenian the Magician (Octopode Wizard)          Turns: 2301, Time: 00:38:25

HP   0/25        AC  1     Str  6      XL: 4   Next: 16%
MP  11/11        EV 12     Int 21      God:
Gold 89          SH  0     Dex 10      Spells:  2 memorised,  6 levels left

Res.Fire  : . . .   See Invis. : .   k - +0,+1 dwarf short sword (drain)
Res.Cold  : . . .   Warding    : .   (no shield)
Life Prot.: . . .   Conserve   : .   b - +0 wizard hat
Res.Poison: +       Res.Corr.  : .   j - amulet of clarity
Res.Elec. : .       Clarity    : +   v - ring of poison resistance
Sust.Abil.: . .     Spirit.Shd : .   (no ring)
Res.Mut.  : .       Stasis     : .   (no ring)
Res.Rott. : .       Flight     : .   (no ring)
Saprovore : . . .                    (no ring)
                                     (no ring)
                                     (no ring)
                                     (no ring)

@: slightly resistant to hostile enchantments, quite stealthy
A: almost no armour, amphibious, 8 rings, constrict 8, camouflage 1, AC +1
a: no special abilities


You were on level 3 of the Dungeon.
You were not hungry.

You visited 1 branch of the dungeon, and saw 3 of its levels.

You collected 69 gold pieces.

Inventory:

Hand weapons
 k - a +0,+1 dwarven short sword of draining (weapon)
Armour
 b - a +0 wizard hat (worn)
Comestibles
 d - a bread ration
 g - 3 meat rations
 l - a choko
 r - a snozzcumber
 w - a slice of pizza
Scrolls
 a - a scroll of fear {unknown}
 f - 2 scrolls of blinking {unknown}
 h - a scroll of recharging {unknown}
 i - 2 scrolls of identify
 n - 2 scrolls of curse jewellery {unknown}
 p - 4 scrolls of random uselessness
 x - a scroll of curse armour {unknown}
 y - a scroll of curse weapon {unknown}
 C - a scroll of remove curse {unknown}
 D - a scroll of noise {unknown}
Jewellery
 j - an amulet of clarity (around mantle)
 m - an uncursed amulet of clarity
 v - a ring of poison resistance (left tentacle)
Potions
 e - 4 potions of curing
 o - a potion of magic {unknown}
 q - a potion of invisibility {unknown}
 s - 2 potions of slowing {unknown}
 t - 3 potions of poison
 u - 2 potions of degeneration
 z - 2 potions of might {unknown}
 A - a potion of porridge {unknown}
Books
 c - a book of Minor Magic

   Spells                             Type                      Level
   *Magic Dart                        Conjuration                  1
   Blink                              Translocation                2
   Call Imp                           Summoning                    2
   Repel Missiles                     Charms/Air                   2
   Slow                               Hexes                        2
   Conjure Flame                      Conjuration/Fire             3
   *Mephitic Cloud                    Conjuration/Poison/Air       3


   Skills:
 + Level 0.4 Fighting
 + Level 0.2 Short Blades
 + Level 2.3 Dodging
 + Level 3.0 Stealth
 + Level 0.2 Traps
 + Level 3.9 Spellcasting
 * Level 1.7 Conjurations
   Level 1.0 Summonings
   Level 1.0 Translocations
 + Level 0.2 Air Magic
 + Level 0.2 Poison Magic


You had 6 spell levels left.
You knew the following spells:

 Your Spells              Type           Power        Failure   Level  Hunger
a - Magic Dart            Conj           ##..         8%          1    None
b - Mephitic Cloud        Conj/Pois/Air  #.......     30%         3    ###....


Dungeon Overview and Level Annotations

Branches:
Dungeon (3/27)

Altars:
Ashenzari
Makhleb


Innate Abilities, Weirdness & Mutations

You cannot wear most types of armour.
You are amphibious.
You can wear up to eight rings at the same time.
You can use your tentacles to constrict many enemies at once.
Your skin changes colour to match your surroundings (Stlth).
Your rubbery body absorbs attacks (AC +1).


Message History

That item cannot be evoked!
There is a burning altar of Makhleb here.
Things that are here:
an orcish dagger; a goblin skeleton You see here 17 arrows.
Things that are here:
an orcish dagger; a goblin skeleton
There is a burning altar of Makhleb here.
A dart shoots out and hits you!
There is a dart trap here.
You see here a dart.
(D) Dungeon
Where to? (Enter - D:2, ? - help)
What level of the Dungeon? (default 1, ? - help)
There is a stone staircase leading down here.
You climb downwards.
The gnoll hits you with a spear! The gnoll hits you with a spear.
There is a stone staircase leading up here.
The gnoll hits you with a spear!
You die...

### >.# #.# #>#
####.####
#.%.....#
#.##.##.#
#@##.#.§§#
....#####g#....§.#
#....(g#....o§#
#......(.g....#
#......%.......
#.....##.#....#
#.....# ......
####### ......
....


You could see 2 gnolls.

Vanquished Creatures
  2 adders (D:2)
  A worm (D:2)
  3 giant geckos
  An orc (D:3)
  A ball python (D:1)
  A gnoll (D:3)
  6 goblins
  4 hobgoblins
  A quokka (D:2)
  2 bats
  A giant cockroach (D:2)
  4 giant newts (D:1)
  5 jackals
  6 kobolds
  4 rats
42 creatures vanquished.

Vanquished Creatures (others)
  A ball python (D:3)
  A kobold (D:1)
2 creatures vanquished.

Grand Total: 44 creatures vanquished

Notes
Turn   | Place    | Note
--------------------------------------------------------------
     0 | D:1      | Ogdradenian, the Octopode Wizard, began the quest for the Orb.
     0 | D:1      | Reached XP level 1. HP: 9/9 MP: 5/5
   165 | D:1      | Reached XP level 2. HP: 15/15 MP: 2/7
   763 | D:1      | Reached XP level 3. HP: 11/19 MP: 3/9
   768 | D:1      | Learned a level 3 spell: Mephitic Cloud
  1211 | D:2      | Found a shattered altar of Ashenzari.
  1566 | D:2      | Reached XP level 4. HP: 22/25 MP: 7/11
  1570 | D:2      | Found a burning altar of Makhleb.
  2301 | D:3      | Slain by a gnoll

Action                   |  1- 3 |  4- 6 || total
-------------------------+-------+-------++-------
Melee: Unarmed           |    11 |       ||    11
       Short sword       |    21 |     5 ||    26
 Cast: Magic Dart        |    56 |    13 ||    69
       Mephitic Cloud    |     6 |     2 ||     8
  Use: Scroll            |     3 |       ||     3
       Potion            |     1 |       ||     1
 Stab: Confused          |     1 |       ||     1
